 Dungeon Crawl Stone Soup version 0.22-a0-601-gb0ed703ee0 (webtiles) character file.

93 PikkenKukken the Skirmisher (level 4, 0/37 HPs)
             Began as a Formicid Fighter on July 6, 2018.
             Slain by a spatial maelstrom (4 damage)
             ... on level 2 of the Abyss.
             The game lasted 00:06:04 (1811 turns).

PikkenKukken the Skirmisher (Formicid Fighter)      Turns: 1811, Time: 00:06:05

Health: 0/37       AC:  7    Str: 21    XL:     4   Next: 91%
Magic:  4/4        EV:  9    Int:  7    God:
Gold:   138        SH:  0    Dex: 11    Spells: 3/3 levels left

rFire    . . .     SeeInvis +   a - +1 war axe
rCold    . . .     Gourm    .   (no shield)
rNeg     . . .     Faith    .   b - +0 scale mail
rPois    .         Spirit   .   (helmet unavailable)
rElec    .         Reflect  .   (no cloak)
rCorr    .         Harm     .   (no gloves)
MR       .....                  (no boots)
Stlth    ..........             (no amulet)
HPRegen  0.12/turn              (no ring)
MPRegen  0.09/turn              (no ring)

@: no status effects
A: permanent stasis, dig shafts and tunnels, four strong arms, antennae 3
a: Dig, Shaft Self


You were on level 2 of the Abyss.
You were not hungry.

You visited 1 branch of the dungeon, and saw 3 of its levels.
You visited the Abyss 1 time.

You collected 138 gold pieces.

Inventory:

Hand Weapons
 a - a +1 war axe (weapon)
 k - a +2 whip of distortion
Missiles
 c - 91 arrows
Armour
 b - a +0 scale mail (worn)
Jewellery
 j - an uncursed amulet of faith
Scrolls
 g - a scroll of remove curse {unknown}
Potions
 d - a potion of might
 e - a potion of heal wounds
 h - 3 potions of brilliance
 i - 3 potions of haste
Comestibles
 f - 5 rations


   Skills:
 + Level 4.0 Fighting
 + Level 2.9 Axes
 + Level 1.6 Throwing
 + Level 4.0 Armour
   Level 3.6 Shields


You had 3 spell levels left.
You didn't know any spells.
Your spell library was empty.

Dungeon Overview and Level Annotations

Branches:
Dungeon (3/15)

Altars:
Xom


Innate Abilities, Weirdness & Mutations

You cannot be hasted, slowed, berserked, paralysed or teleported.
You can dig through walls and to a lower floor.
Your four strong arms can wield two-handed weapons with a shield.
You have a pair of large antennae on your head. (SInv)


Message History

The bush is severely damaged.
You hit the bush but do no damage. x2; You hit the demonic plant.
You hit the bush but do no damage. x2
The spatial vortex hits the demonic plant!
Space warps horribly around the demonic plant!
You hit the bush but do no damage.
The bush is severely damaged.
You hit the bush but do no damage. You completely miss the bush.
You hit the demonic plant. You hit the bush but do no damage. You hit the bush.
The spatial maelstrom hits you but does no damage.
The spatial maelstrom hits you! Space warps horribly around you!
* * * LOW HITPOINT WARNING * * *
You hit the bush but do no damage.
The bush is severely damaged.
You hit the bush. You hit the bush but do no damage.
You hit the demonic plant but do no damage.
You hit the bush but do no damage. x2; The spatial maelstrom hits you!
* * * LOW HITPOINT WARNING * * *
Space bends around you.
You die...

.. .... .#
.## #.
..#....##
..# ##
.....#.#.##
.
#.#.##.###.#
#.......[.v
#..v..PPP.#
#.vPPP..%.#


#.vPPPPP.. #.P@P∩PP ..# #..PPPP P{# # #..PPP .. . #..P.. .# ....... ....#..#.
...#...#.## ..##.. .#.. You could see a spatial maelstrom and 3 spatial
vortices.

Vanquished Creatures
  3 adders (D:2)
  A gnoll (D:1)
  An ooze (D:1)
  A worm (D:2)
  3 dart slugs (D:2)
  A leopard gecko (D:1)
  5 bats
  3 giant cockroaches
  4 goblins
  7 hobgoblins
  4 kobolds
  A quokka (D:2)
  2 frilled lizards (D:1)
  6 rats
42 creatures vanquished.

Vanquished Creatures (others)
  A demonic plant (Abyss:2)
1 creature vanquished.

Grand Total: 43 creatures vanquished

Notes
Turn   | Place    | Note
-------+----------+-------------------------------------------
     0 | D:1      | PikkenKukken the Formicid Fighter began the quest for the Orb.
     0 | D:1      | Reached XP level 1. HP: 18/18 MP: 1/1
   115 | D:1      | Reached XP level 2. HP: 17/24 MP: 2/2
   273 | D:1      | Reached XP level 3. HP: 25/29 MP: 3/3
   275 | D:1      | Reached skill level 1 in Throwing
   669 | D:1      | You fall through a shaft!
   680 | D:2      | Reached XP level 4. HP: 21/37 MP: 4/4
  1127 | D:2      | Found a shimmering altar of Xom.
  1767 | D:3      | Cast into level 2 of the Abyss (a distortion unwield)
  1771 | Abyss:2  | Found a sparkling altar of Nemelex Xobeh.
  1788 | Abyss:2  | Noticed a chaos spawn
  1793 | Abyss:2  | Noticed a spatial vortex
  1794 | Abyss:2  | Noticed a spatial maelstrom
  1794 | Abyss:2  | Noticed a spatial vortex
  1796 | Abyss:2  | Noticed a spatial vortex
  1800 | Abyss:2  | Noticed a spatial vortex
  1801 | Abyss:2  | Noticed a spatial vortex
  1801 | Abyss:2  | Noticed a spatial vortex
  1801 | Abyss:2  | Noticed a spatial vortex
  1802 | Abyss:2  | Noticed a spatial vortex
  1803 | Abyss:2  | Noticed a spatial vortex
  1803 | Abyss:2  | Noticed a spatial vortex
  1804 | Abyss:2  | Noticed a spatial vortex
  1805 | Abyss:2  | Noticed a spatial vortex
  1807 | Abyss:2  | Noticed a spatial maelstrom
  1809 | Abyss:2  | Noticed a spatial vortex
  1811 | Abyss:2  | Slain by a spatial maelstrom

Vault maps used:
D:1:      evilmike_arrival_home_sweet_home
D:2:      old_standard_altar, minmay_strange_pillars, minivault_25
D:3:      first_ration, uniq_terence
Abyss:2:  evilmike_abyss_exit_plants, evilmike_abyss_exit_vortex

Skill      XL: |  1  2  3  4 |
---------------+-------------+-----
Throwing       | 1 |  1.6
Fighting       | 4 |  4.0
Armour         | 4 |  4.0
Axes           | |  2.9
Shields        | |  3.6

Action                   |  1- 3 |  4- 6 || total
-------------------------+-------+-------++-------
Melee: War axe           |    72 |    77 ||   149
       Whip              |       |    13 ||    13
 Abil: Dig               |       |     1 ||     1
  Use: Scroll            |     2 |     3 ||     5
       Potion            |     1 |     3 ||     4
  Eat: Chunk             |       |     2 ||     2
       Ration            |       |     1 ||     1
Armor: Scale mail        |    40 |    57 ||    97
Dodge: Dodged            |    51 |    30 ||    81

Table legend:
 A = Spawn XP
 B = Non-spawn XP
 C = Spawn XP percentage of total XP
 D = Spawn monster count
 E = Non-spawn monster count
 F = Spawn count percentage of total count
 G = Total turns spent on level
                    A         B        C        D         E        F      G
               +---------+---------+-------+---------+---------+-------+---------
         Total |       0 |     133 |   0.0 |       0 |      42 |   0.0 |  1811
               +---------+---------+-------+---------+---------+-------+---------
           D:1 |       0 |      54 |   0.0 |       0 |      21 |   0.0 |   793
           D:2 |       0 |      74 |   0.0 |       0 |      18 |   0.0 |   893
           D:3 |       0 |       5 |   0.0 |       0 |       3 |   0.0 |    81
               +---------+---------+-------+---------+---------+-------+---------
